cohdb
Replays
Latest Replays
All Replays
Popular Replays
Top Player Replays
Match Explorer
How It Works
Community
CoH3 Stats
Reddit
Sign in to upload your games and track your stats! →
Sign in with Steam
Match 41202945
Unlisted
Match 41202945
Overview
Messages
Build Orders
End
Royal Engineer Section
Selects Australian Defense Battlegroup
Selects Australian Light Infantry Section
Vickers Machine Gun Team
Construct Section Command Post
Australian Light Infantry Section
Construct Platoon Command Post
Humber Armored Car
CMP 15cwt Truck
Selects CMP 15cwt Supply Run
CMP 15cwt Supply Run
Construct Company Command Post
Selects Reinforced Resource Caches
Matilda II Heavy Tank
Forward Retreat Point
Royal Engineer Section
Selects Archer Tank Destroyer
Archer Tank Destroyer
Archer Tank Destroyer
Matilda II Heavy Tank
Archer Tank Destroyer
CMP 15cwt Truck
Royal Engineer Section
Selects Defensive Tactics
Selects Vehicle Over Repair
Archer Tank Destroyer
FlapJackThePancake
Fiskebalsam
Rashid al-Din Fadlullah Hamadani
Muchozol
UH|dun! ツ
UH|ck
UH|XTC
insane
0
0
Comments
sign in to comment!
No comments posted yet!